 Dungeon Crawl Stone Soup version 0.21.1-1-g345015f (webtiles) character file.

27851 aMcNicky the Fighter (level 13, -6/158 HPs)
             Began as an Ogre Warper on Mar 20, 2018.
             Was a High Priest of Nemelex Xobeh.
             Mangled by Snorg (20 damage)
             ... on level 1 of the Orcish Mines.
             The game lasted 01:38:01 (22005 turns).

aMcNicky the Fighter (Ogre Warper)                 Turns: 22005, Time: 01:38:01

Health: -6/158     AC: 11    Str: 24    XL:     13   Next: 35%
Magic:  24/24      EV: 12    Int: 15    God:    Nemelex Xobeh [*****.]
Gold:   1254       SH:  0    Dex:  8    Spells: 10/27 levels left

rFire    . . .     SeeInvis .   S - +0 giant spiked club
rCold    . . .     Gourm    .   (shield currently unavailable)
rNeg     . . .     Faith    .   g - +2 steam dragon scales
rPois    .         Spirit   .   (helmet restricted)
rElec    .         Reflect  .   E - scarf {repulsion}
rCorr    .         Harm     .   (gloves unavailable)
MR       ++...     Clarity  +   (boots unavailable)
Stlth    +.........             a - amulet of regeneration
HPRegen  0.76/turn              x - ring of protection from magic
MPRegen  0.19/turn              j - +3 ring of strength

@: repel missiles
A: large, unfitting armour, thin metallic scales 1, clarity, robust 1, tough
skin 1
a: Triple Draw, Deal Four, Stack Five, Renounce Religion


You were on level 1 of the Orcish Mines.
You worshipped Nemelex Xobeh.
Nemelex Xobeh was extremely pleased with you.
You were not hungry.

You visited 3 branches of the dungeon, and saw 17 of its levels.

You collected 1254 gold pieces.

Inventory:

Hand Weapons
 S - a +0 giant spiked club (weapon)
Missiles
 e - a tomahawk of dispersal
 V - 4 tomahawks
 W - 6 exploding tomahawks (quivered)
Armour
 g - +2 steam dragon scales (worn)
 E - a scarf of repulsion (worn)
Jewellery
 a - an amulet of regeneration (around neck)
 d - an uncursed ring of see invisible
 j - a +3 ring of strength (right hand)
 r - an uncursed ring of resist corrosion
 x - a ring of protection from magic (left hand)
 I - an uncursed ring of protection from cold
Wands
 A - a wand of random effects (80)
 Q - a wand of acid (18)
 R - a wand of flame (26)
 T - a wand of iceblast (13)
 U - a wand of disintegration (30)
Scrolls
 f - 2 scrolls of magic mapping {unknown}
 i - 11 scrolls of remove curse {@r2}
 l - 2 scrolls of amnesia
 m - 4 scrolls of enchant weapon
 o - 2 scrolls of fog
 q - 6 scrolls of teleportation
 u - 11 scrolls of identify {@r1}
 C - 3 scrolls of blinking
 D - a scroll of fear
 F - a scroll of silence {unknown}
 O - a scroll of summoning {unknown}
 X - a scroll of torment {unknown}
Potions
 h - 2 potions of invisibility
 k - 3 potions of mutation
 n - 2 potions of brilliance
 s - 2 potions of haste
 t - a potion of magic
 z - 4 potions of might
 H - a potion of cancellation
 L - 3 potions of flight
 P - 4 potions of agility
 Y - a potion of curing {@q1}
Books
 b - a book of Frost

   Spells                             Type                      Level
   a - Freeze                         Ice                          1
   b - Throw Frost                    Conjuration/Ice              2
   c - Ozocubu's Armour               Charms/Ice                   3
   d - Throw Icicle                   Conjuration/Ice              4
   e - Summon Ice Beast               Ice/Summoning                4
 c - a book of Spatial Translocations

   Spells                             Type                      Level
   a - Blink                          Translocation                2
   b - Shroud of Golubria             Charms/Translocation         2
   c - Lesser Beckoning               Translocation                3
   d - Gell's Gravitas                Translocation                3
   e - Teleport Other                 Translocation                3
   f - Passage of Golubria            Translocation                4
 y - a book of Minor Magic

   Spells                             Type                      Level
   a - Magic Dart                     Conjuration                  1
   b - Blink                          Translocation                2
   c - Call Imp                       Summoning                    2
   d - Slow                           Hexes                        2
   e - Conjure Flame                  Conjuration/Fire             3
   f - Mephitic Cloud                 Conjuration/Poison/Air       3
 B - a book of Power

   Spells                             Type                      Level
   a - Iskenderun's Battlesphere      Conjuration/Charms           5
   b - Venom Bolt                     Conjuration/Poison           5
   c - Bolt of Magma                  Conjuration/Fire/Earth       5
   d - Iron Shot                      Conjuration/Earth            6
   e - Orb of Destruction             Conjuration                  7
   f - Spellforged Servitor           Conjuration/Summoning        7
 M - a book of Callings

   Spells                             Type                      Level
   a - Summon Small Mammal            Summoning                    1
   b - Call Imp                       Summoning                    2
   c - Call Canine Familiar           Summoning                    3
   d - Summon Guardian Golem          Hexes/Summoning              3
   e - Summon Lightning Spire         Summoning/Air                4
   f - Summon Ice Beast               Ice/Summoning                4
 N - a book of Maledictions

   Spells                             Type                      Level
   a - Corona                         Hexes                        1
   b - Ensorcelled Hibernation        Hexes/Ice                    2
   c - Confuse                        Hexes                        3
   d - Tukima's Dance                 Hexes                        3
   e - Dazzling Spray                 Conjuration/Hexes            3
Miscellaneous
 p - an ornate deck of destruction {drawn: 5}
 v - a plain deck of destruction {drawn: 3}
 G - a legendary deck of escape {drawn: 10}
 J - a plain deck of summoning {drawn: 2}
 K - an ornate deck of summoning {drawn: 3}
Comestibles
 w - 25 rations


   Skills:
 * Level 13.1 Fighting
 * Level 10.1 Maces & Flails
 - Level 1.0 Throwing
 + Level 6.3 Armour
 + Level 7.4 Dodging
 + Level 7.8 Spellcasting
 + Level 3.5 Conjurations
 + Level 3.5 Summonings
 - Level 6.7 Translocations
 + Level 7.1 Invocations


You had 10 spell levels left.
You knew the following spells:

 Your Spells              Type           Power        Failure   Level  Hunger
a - Call Imp              Summ           ###.....     4%          2    None
b - Call Canine Familiar  Summ           ###.....     9%          3    ##.....
c - Blink                 Tloc           N/A          1%          2    None
d - Teleport Other        Tloc           ####....     2%          3    ##.....
e - Spellforged Servitor  Conj/Summ      ###.......   100%        7    #######


Dungeon Overview and Level Annotations

Branches:
Dungeon (12/15)            Temple (0/1) D:5            Lair (3/6) D:11
  Swamp (0/4) Lair:3        Snake (0/4) Lair:3          Orc (2/2) D:10
    Elf: Orc:2

Altars:
Ashenzari
Dithmenos
Makhleb
Nemelex Xobeh
Ru
Trog
Zin

Shops:
D:8 %   D:9 *

Annotations:
Orc:1 Snorg


Innate Abilities, Weirdness & Mutations

You are too large for most types of armour.
You have tough skin. (AC +1)
You are partially covered in thin metallic scales. (AC +2)
You possess an exceptional clarity of mind.
You are robust. (+10% HP)


Message History

* * * LOW HITPOINT WARNING * * *
Snorg claws you but does no damage. Snorg claws you!
* * * LOW HITPOINT WARNING * * *
Evoke which item? (* to show all) (? for menu, Esc to quit)
You draw a card...
It is the Tomb.
Walls emerge from the floor!
Your wyvern closely misses Snorg.
Your wyvern bites Snorg!
The wyvern barely misses you. Snorg bites you.
* * * LOW HITPOINT WARNING * * *
Snorg closely misses you. Snorg claws you!
* * * LOW HITPOINT WARNING * * *
Okay, then.
Evoke which item? (* to show all) (? for menu, Esc to quit)
You draw a card...
It is the Cloud.
Clouds appear around you!
Your wyvern bites Snorg!
Your wyvern bites Snorg!!
The wyvern hisses menacingly.
The wyvern bites you.
* * * LOW HITPOINT WARNING * * *
Snorg bites you!!
You die...
Your body glows with a rainbow of weird colours and disappears.

#...#.#.## ####...#.####....#
#......#####.##......##.....#
###.....##..>.................
##.##.#...................#....
#......#..............#........
##.##.##..................#.##.
######..............##....###.
##....§####....###.......
#....§l@#.>..###........
##.##§#Tl.....#....#..##
###..§§l..............#
##...............#..##
#..........#......##.#
#....#...........#....
##.........#..........
###........###..........
##.#.......###........#.#


You could see Snorg (berserk), a wyvern and 2 friendly wyverns.

Vanquished Creatures
  The ghost of MordorOrchid the Summoner, a journeyman GnSu of Sif Muna (Lair:1)
  A hydra (Lair:1)
  5 two-headed ogres
  A queen ant (Lair:3)
  An unseen horror (D:10)
  The ghost of bmj180 the Cutter, a novice HaFi of Okawaru (D:7)
  A deep elf mage (D:11)
  Pikel (D:7)
  2 ugly things
  A black mamba (Lair:3)
  3 spiny frogs
  A rime drake (Lair:3)
  2 kobold demonologists (D:11)
  A komodo dragon (Lair:3)
  A merfolk (Lair:3)
  A troll (D:11)
  A hornet (D:9)
  2 polar bears (D:11)
  3 slime creatures
  A blink frog (Lair:2)
  7 hippogriffs
  2 wyverns
  A human (Lair:3)
  3 basilisks
  5 yaks (Lair:1)
  A fire bat (Lair:3)
  5 nagas (Lair:3)
  2 swamp worms (Lair:3)
  2 wargs (Lair:3)
  A two-headed ogre zombie (D:10)
  Menkaure (D:7)
  12 soldier ants (Lair:3)
  3 water moccasins
  6 porcupines
  3 slaves (D:7)
  3 orc warriors
  3 ice beasts
  3 sky beasts
  3 phantoms
  3 black bears
  An eye of draining (Lair:3)
  2 necrophages
  5 ogres
  5 crocodiles
  5 big kobolds
  11 bullfrogs
  A wyvern zombie (D:12)
  A wyvern skeleton (D:8)
  2 scorpions
  11 killer bees
  4 howler monkeys
  7 wights
  10 crimson imps
  2 jellies
  A centaur skeleton (D:5)
  11 orc wizards
  2 quasits
  3 orc priests
  6 hounds
  3 iron imps (D:5)
  A bullfrog skeleton (D:8)
  4 iguanas
  23 worker ants
  4 ogre zombies (D:10)
  A hound zombie (D:5)
  5 hound skeletons
  19 adders
  15 gnolls
  An ooze (D:4)
  2 adder zombies
  2 adder skeletons (D:7)
  6 worms
  3 dart slugs
  4 leopard geckos
  29 orcs
  A ball python (D:1)
  5 giant cockroaches
  10 hobgoblins
  12 jackals
  4 quokkas
  8 bats
  8 frilled lizards
  13 goblins
  2 goblin skeletons (D:10)
  3 goblin zombies (D:10)
  A hobgoblin zombie (D:10)
  30 kobolds
  An orc skeleton (D:10)
  4 orc zombies (D:10)
  5 rats
419 creatures vanquished.

Vanquished Creatures (collateral kills)
  The ghost of inmateoo the Thaumaturge, a journeyman GnSk of Ashenzari (Orc:1)
  A mana viper (Lair:3)
  2 trolls (D:10)
  3 blink frogs (Lair:2)
  2 wyverns (D:11)
  3 hungry ghosts
  3 wargs (D:11)
  A soldier ant (Lair:3)
  An acid dragon (D:11)
  An orc warrior (D:11)
  A sky beast (D:10)
  4 killer bees
  3 crimson imps
  3 orc priests
  4 orc wizards
  2 worker ants
  3 ogre zombies (D:10)
  A hound zombie (D:11)
  13 orcs
  A quokka (D:11)
  2 goblin skeletons (D:10)
  A goblin zombie (D:10)
  A hobgoblin skeleton (D:10)
  3 orc skeletons (D:10)
  7 orc zombies (D:10)
  A plant (D:11)
68 creatures vanquished.

Vanquished Creatures (others)
  A swamp worm (Lair:3)
  2 soldier ants (Lair:3)
  An electric eel (Lair:3)
  A ball lightning (Lair:3)
  2 fungi (Lair:3)
  A plant (Lair:3)
8 creatures vanquished.

Grand Total: 495 creatures vanquished

Notes
Turn   | Place    | Note
-------+----------+-------------------------------------------
     0 | D:1      | aMcNicky the Ogre Warper began the quest for the Orb.
     0 | D:1      | Reached XP level 1. HP: 22/22 MP: 3/3
    52 | D:1      | Reached XP level 2. HP: 19/29 MP: 5/5
   251 | D:1      | Reached skill level 3 in Fighting
   387 | D:1      | Learned a level 2 spell: Blink
   397 | D:1      | Reached XP level 3. HP: 37/37 MP: 6/6
  1138 | D:1      | You fall through a shaft!
  1159 | D:2      | Reached skill level 1 in Armour
  1658 | D:2      | Reached XP level 4. HP: 44/45 MP: 7/7
  1792 | D:2      | Noticed a bullfrog
  1812 | D:2      | Killed a bullfrog
  1812 | D:2      | Reached XP level 5. HP: 12/54 MP: 8/8
  2055 | D:2      | Found a faded altar of an unknown god.
  3314 | D:3      | Reached skill level 4 in Fighting
  3767 | D:3      | HP: 1/54 [orc priest/nerve-wracking pain (5)]
  3771 | D:3      | Reached XP level 6. HP: 2/62 MP: 9/9
  4158 | D:3      | Found a sacrificial altar of Ru.
  5169 | D:4      | Gained mutation: You are partially covered in thin metallic scales. (AC +2) [potion of mutation]
  5169 | D:4      | Gained mutation: You possess an exceptional clarity of mind. [potion of mutation]
  5169 | D:4      | Gained mutation: You are robust. (+10% HP) [potion of mutation]
  5560 | D:4      | Reached XP level 7. HP: 78/78 MP: 10/10
  5652 | D:4      | Reached skill level 5 in Fighting
  6053 | D:4      | You fall through a shaft for 3 floors!
  6252 | D:7      | Reached skill level 5 in Maces & Flails
  6408 | D:6      | Found a sparkling altar of Nemelex Xobeh.
  6419 | D:6      | Reached XP level 8. HP: 84/91 MP: 12/12
  6487 | D:6      | Found a glowing silver altar of Zin.
  6773 | D:5      | Entered Level 5 of the Dungeon
  6799 | D:5      | Reached skill level 6 in Fighting
  6915 | D:5      | Found a shadowy altar of Dithmenos.
  7128 | D:6      | Became a worshipper of Nemelex Xobeh the Trickster
  7388 | D:4      | Received a gift from Nemelex Xobeh
  7685 | D:5      | Found a staircase to the Ecumenical Temple.
  7758 | D:5      | Found a burning altar of Makhleb.
  7950 | D:5      | Reached skill level 1 in Invocations
  8287 | D:6      | Reached * piety under Nemelex Xobeh
  8589 | D:6      | Found a shattered altar of Ashenzari.
  8924 | D:7      | Reached skill level 7 in Fighting
  9006 | D:7      | Noticed Pikel
  9021 | D:7      | Killed Pikel
  9021 | D:7      | Reached XP level 9. HP: 81/102 MP: 14/14
  9201 | D:7      | Noticed Menkaure
  9210 | D:7      | Killed Menkaure
  9324 | D:7      | Received a gift from Nemelex Xobeh
  9326 | D:7      | Noticed bmj180's ghost (novice HaFi)
  9439 | D:7      | Killed bmj180's ghost
  9439 | D:7      | Reached skill level 8 in Fighting
  9494 | D:7      | You fall through a shaft!
  9721 | D:8      | Reached skill level 5 in Dodging
  9832 | D:8      | Reached XP level 10. HP: 108/116 MP: 17/17
  9900 | D:8      | Found Xoqoej's Food Emporium.
  9933 | D:8      | Reached skill level 9 in Fighting
 10221 | D:7      | Learned a level 3 spell: Teleport Other
 10602 | D:7      | Reached skill level 5 in Spellcasting
 10704 | D:8      | Noticed a two-headed ogre
 10726 | D:8      | Killed a two-headed ogre
 10729 | D:8      | Noticed an orange demon
 10731 | D:8      | HP: 2/117 [orange demon[the player character] (8)]
 11227 | D:8      | Reached ** piety under Nemelex Xobeh
 11887 | D:9      | Reached skill level 10 in Fighting
 11958 | D:9      | Found Flog's Fabulous Fripperies.
 11991 | D:9      | Reached skill level 5 in Translocations
 12101 | D:9      | Paralysed by a hornet for 3 turns
 12105 | D:9      | Paralysed by a hornet for 3 turns
 12375 | D:9      | Received a gift from Nemelex Xobeh
 12581 | D:9      | Noticed a two-headed ogre
 12594 | D:9      | Killed a two-headed ogre
 12594 | D:9      | Reached XP level 11. HP: 27/130 MP: 19/19
 12796 | D:9      | Received a gift from Nemelex Xobeh
 12864 | D:9      | Noticed a two-headed ogre
 12874 | D:9      | Killed a two-headed ogre
 12874 | D:9      | Reached skill level 5 in Armour
 12874 | D:9      | Reached skill level 5 in Invocations
 13239 | D:9      | Reached *** piety under Nemelex Xobeh
 13478 | D:10     | Entered Level 10 of the Dungeon
 13553 | D:10     | Noticed an unseen horror
 13560 | D:10     | Killed an unseen horror
 13611 | D:10     | You fall through a shaft!
 13611 | D:11     | Found a staircase to the Lair.
 13968 | D:10     | Noticed a two-headed ogre
 13968 | D:10     | Reached skill level 11 in Fighting
 13972 | D:10     | Killed a two-headed ogre
 13989 | D:10     | Learned a level 2 spell: Call Imp
 13993 | D:10     | Learned a level 3 spell: Call Canine Familiar
 14001 | D:10     | Learned a level 7 spell: Spellforged Servitor
 14063 | D:10     | Noticed a two-headed ogre
 14075 | D:10     | Killed a two-headed ogre
 14246 | D:10     | Found a staircase to the Orcish Mines.
 14369 | D:10     | Reached skill level 1 in Conjurations
 14369 | D:10     | Reached skill level 1 in Summonings
 14837 | D:11     | Noticed a purple ugly thing
 14846 | D:11     | Killed a purple ugly thing
 14846 | D:11     | Reached XP level 12. HP: 131/143 MP: 20/22
 15214 | D:11     | Found a bloodstained altar of Trog.
 15311 | Lair:1   | Entered Level 1 of the Lair of Beasts
 15346 | Lair:1   | Received a gift from Nemelex Xobeh
 15396 | Lair:1   | Reached **** piety under Nemelex Xobeh
 15463 | Lair:1   | Noticed MordorOrchid's ghost (journeyman GnSu)
 15502 | Lair:1   | Killed MordorOrchid's ghost
 15786 | Lair:1   | Reached skill level 12 in Fighting
 15972 | Lair:1   | Noticed a four-headed hydra
 15983 | Lair:1   | Killed a four-headed hydra
 16562 | Lair:2   | Received a gift from Nemelex Xobeh
 17748 | Lair:3   | Received a gift from Nemelex Xobeh
 18097 | Lair:3   | Found a staircase to the Swamp.
 19241 | Lair:3   | Reached XP level 13. HP: 155/155 MP: 24/24
 19373 | Lair:3   | Reached skill level 10 in Maces & Flails
 19577 | Lair:3   | Found a staircase to the Snake Pit.
 19776 | Lair:3   | Reached ***** piety under Nemelex Xobeh
 19776 | Lair:3   | Received a gift from Nemelex Xobeh
 20018 | D:11     | Reached skill level 13 in Fighting
 21182 | Orc:1    | Entered Level 1 of the Orcish Mines
 21232 | Orc:1    | Noticed inmateoo's ghost (journeyman GnSk)
 21467 | Orc:1    | Killed inmateoo's ghost
 21706 | Orc:1    | Received a gift from Nemelex Xobeh
 21881 | Orc:2    | Entered Level 2 of the Orcish Mines
 21881 | Orc:2    | Noticed Snorg
 22005 | Orc:1    | Mangled by Snorg

Skill      XL: |  1  2  3  4  5  6  7  8  9 10 11 12 13 |
---------------+----------------------------------------+-----
Maces & Flails | 2 3 4 5 6 8 9 10 | 10.1
Fighting       | 3 4 5 7 8 10 11 12 13 | 13.1
Armour         | 1 2 3 4 5 6 |  6.3
Dodging        | 3 4 5 6 7 |  7.4
Spellcasting   | 3 4 5 6 7 |  7.8
Translocations | 3 4 5 6 |  6.7
Invocations    | 2 3 4 5 6 7 |  7.1
Conjurations   | 1 3 |  3.5
Summonings     | 1 3 |  3.5
Throwing       | |  1.0

Action                   |  1- 3 |  4- 6 |  7- 9 | 10-12 | 13-15 || total
-------------------------+-------+-------+-------+-------+-------++-------
Melee: Mace              |   127 |   200 |       |       |       ||   327
       Flail             |       |    59 |    15 |       |       ||    74
       Giant club        |       |       |   349 |   445 |       ||   794
       Giant spiked club |       |       |       |   502 |   191 ||   693
Throw: Tomahawk          |       |       |     1 |     2 |     2 ||     5
 Cast: Teleport Other    |       |       |       |     3 |       ||     3
       Call Canine Famil |       |       |       |     2 |     1 ||     3
       Call Imp          |       |       |       |     1 |     2 ||     3
Evoke: Deck              |       |       |     1 |    29 |    18 ||    48
       Wand              |       |       |       |       |     1 ||     1
  Use: Scroll            |     2 |     5 |     5 |     8 |       ||    20
       Potion            |       |     3 |       |     7 |     3 ||    13
  Eat: Chunk             |     3 |     2 |     9 |    16 |     5 ||    35
       Ration            |       |     3 |     2 |     9 |     1 ||    15
Armor: Robe              |    32 |       |       |       |       ||    32
       Steam dragon scal |     6 |    97 |   155 |   476 |   139 ||   873
Dodge: Dodged            |    87 |   148 |   261 |   726 |   167 ||  1389
       Deflected         |       |       |       |    12 |     1 ||    13
